 Dungeon Crawl Stone Soup version 0.25-a0-804-g50c693f (webtiles) character file.

Game seed: 13705311135119878893, levelgen mode: deterministic

25002 BlueFish the Thaumaturge (level 12, -10/93 HPs)
             Began as a Mummy Wizard on Apr 19, 2020.
             Was an Elder of Kikubaaqudgha.
             Mangled by a death yak (26 damage)
             ... led by a torpor snail
             ... on level 3 of the Lair of Beasts on Apr 20, 2020.
             The game lasted 01:18:49 (27411 turns).

BlueFish the Thaumaturge (Mummy Wizard)            Turns: 27411, Time: 01:18:49

Health: -10/93     AC:  4    Str: 11    XL:     12   Next: 85%
Magic:  0/30       EV: 14    Int: 22    God:    Kikubaaqudgha [****..]
Gold:   808        SH:  3    Dex: 10    Spells: 4/40 levels left

rFire    x . .     SeeInvis .   a - staff of death
rCold    + . .     Gourm    .   (no shield)
rNeg     + + +     Faith    .   k - +1 robe "Fex Aduo" {MR+ rCorr}
rPois    ∞         Spirit   .   b - +0 hat
rElec    .         Reflect  +   j - scarf {cloud immunity}
rCorr    +         Harm     .   g - +0 pair of gloves
MR       ++...                  (no boots)
Stlth    +++.......             f - +3 amulet of reflection
HPRegen  0.25/turn              i - ring of wizardry
MPRegen  0.22/turn              u - ring of wizardry

@: studying Fighting
A: no food or potions, fire vulnerability, cold resistance 1, negative energy
resistance 3, torment resistance, unbreathing
a: Receive Corpses, Renounce Religion


You were on level 3 of the Lair of Beasts.
You worshipped Kikubaaqudgha.
Kikubaaqudgha was greatly pleased with you.
You were not hungry.

You visited 3 branches of the dungeon, and saw 18 of its levels.
You also visited: Bailey.

You collected 996 gold pieces.
You spent 188 gold pieces at shops.

Inventory:

Armour
 b - a +0 hat (worn)
 g - a +0 pair of gloves (worn)
 j - a scarf of cloud immunity (worn)
 k - the +1 robe "Fex Aduo" (worn) {MR+ rCorr}
   (You bought it in a shop on level 7 of the Dungeon)

   It affects your resistance to hostile enchantments.
   It provides partial protection from all sources of acid and corrosion.
Magical Staves
 a - an uncursed staff of death (weapon)
Jewellery
 f - a +3 amulet of reflection (around neck)
 i - a ring of wizardry (left hand)
 o - an uncursed ring of resist corrosion
 u - a ring of wizardry (right hand)
 z - a cursed ring of teleportation {unknown}
 B - an uncursed ring of ice {unknown}
Wands
 p - a wand of flame (38)
 t - a wand of disintegration (12)
 x - a wand of digging (4)
Scrolls
 c - 2 scrolls of immolation
 d - 5 scrolls of blinking
 e - 6 scrolls of teleportation
 h - 2 scrolls of enchant weapon
 l - a scroll of holy word
 m - 4 scrolls of fear
 n - a scroll of noise
 q - a scroll of amnesia
 r - a scroll of silence
 s - 4 scrolls of remove curse
 v - 3 scrolls of enchant armour
 w - a scroll of magic mapping
 A - a scroll of fog
Books
 y - a manual of Fighting


   Skills:
 * Level 8.3 Fighting
   Level 0.4 Short Blades
   Level 2.9(3.3) Maces & Flails
 + Level 2.0(2.8) Staves
 * Level 6.4 Dodging
 * Level 6.3 Stealth
 + Level 0.1 Unarmed Combat
 * Level 14.6 Spellcasting
 + Level 2.5 Conjurations
 + Level 2.4 Summonings
 * Level 9.8 Necromancy
 + Level 1.0 Translocations
 + Level 1.5 Air Magic
 + Level 0.5 Poison Magic
 * Level 5.0 Evocations


You had 4 spell levels left.
You knew the following spells:

 Your Spells              Type           Power        Failure   Level  Hunger
a - Pain                  Necr           ####         1%          1    N/A
b - Blink                 Tloc           N/A          1%          2    N/A
c - Call Imp              Summ           ####....     1%          2    N/A
d - Fireball              Conj/Fire      ###.......   17%         5    N/A
e - Mephitic Cloud        Conj/Pois/Air  ###.....     1%          3    N/A
f - Magic Dart            Conj           ####         1%          1    N/A
g - Vampiric Draining     Necr           ######....   1%          3    N/A
h - Swiftness             Chrm/Air       ###.....     1%          2    N/A
i - Corpse Rot            Necr/Air       N/A          1%          2    N/A
j - Dispel Undead         Necr           ######..     1%          4    N/A
k - Agony                 Necr           ######..     1%          5    N/A
l - Death Channel         Necr           ######....   3%          6    N/A

Your spell library contained the following spells:

 Spells                   Type           Power        Failure   Level  Hunger
 Animate Skeleton         Necr           N/A          1%          1    N/A
 Summon Butterflies       Summ           ####....     1%          1    N/A
 Passwall                 Tmut/Erth      ###.....     1%          2    N/A
 Poisonous Vapours        Pois/Air       ###...       1%          2    N/A
 Searing Ray              Conj           ####..       1%          2    N/A
 Slow                     Hex            ###.....     1%          2    N/A
 Call Canine Familiar     Summ           ####....     1%          3    N/A
 Conjure Flame            Conj/Fire      ###.....     1%          3    N/A
 Dazzling Flash           Conj/Hex       ###...       1%          3    N/A
 Animate Dead             Necr           N/A          1%          4    N/A
 Iskenderun's Mystic Bla  Conj/Tloc      ###.....     5%          4    N/A
 Fulminant Prism          Conj/Hex       ###.......   6%          4    N/A
 Sticky Flame             Conj/Fire      ###.....     6%          4    N/A
 Summon Ice Beast         Ice/Summ       ###.....     6%          4    N/A
 Passage of Golubria      Tloc           N/A          7%          4    N/A
 Olgreb's Toxic Radiance  Pois           ###.....     9%          4    N/A
 Excruciating Wounds      Chrm/Necr      ######....   4%          5    N/A
 Iskenderun's Battlesphe  Conj/Chrm      ###.....     17%         5    N/A
 Summon Mana Viper        Hex/Summ       ###.....     17%         5    N/A
 Lee's Rapid Deconstruct  Erth           ###.......   26%         5    N/A
 Freezing Cloud           Conj/Ice/Air   ###.......   58%         6    N/A
 Iron Shot                Conj/Erth      ###.......   63%         6    N/A
 Darkness                 Hex            ###.......   78%         6    N/A
 Invisibility             Hex            ###.....     78%         6    N/A
 Summon Hydra             Summ           ####......   94%         7    N/A
 Ring of Flames           Chrm/Fire      ###.......   99%         7    N/A

Dungeon Overview and Level Annotations

Branches:
Dungeon (13/15)            Temple (1/1) D:4            Lair (4/6) D:9
 Shoals (0/4) Lair:3        Snake (0/4) Lair:3          Orc (0/2) D:10
 Bailey (visited)
 Vaults: D:13-14

Altars:
Ashenzari
Cheibriados
Dithmenos
Elyvilon
Fedhas
Gozag
Hepliaklqana
Kikubaaqudgha
Makhleb
Nemelex Xobeh
Okawaru
Qazlal
Ru
Sif Muna
Trog
Uskayaw
Vehumet
Wu Jian
Xom
Yredelemnul
Zin
The Shining One

Shops:
D:5 %   D:7 [   D:10 !(

Annotations:
D:3 3 runed translucent doors, mathmaestro's ghost, amateur HOFi
D:8 exclusion: ice statue
D:9 exclusion: statue
D:10 1 runed translucent door, Lapinsky's ghost, journeyman MiHu
D:11 Snorg


Innate Abilities, Weirdness & Mutations

You do not eat or drink.
Your flesh is vulnerable to fire.
You are immune to poison.
Your flesh is cold resistant. (rC+)
You are immune to negative energy. (rN+++)
You are immune to unholy pain and torment.
You can survive without breathing.


Message History

Confirm with . or Enter, or press ? or * to list all spells.
Aiming: Vampiric Draining (safe; 1% risk of failure)
Press: ? - help, Shift-Dir - straight line, f/p - death yak
Aim: a death yak (noxious fumes, heavily wounded, confused)
You feel a surge of power!
The death yak is severely wounded.
You feel life coursing into your body!
The death yak is engulfed in noxious fumes.
You block the death yak's attack.
You hit the death yak but do no damage.
The death yak is severely wounded.
The death yak seems less confused.
The death yak gores you!!
* * * LOW HITPOINT WARNING * * *
Things that are here:
a ring mail; a death yak corpse; a yak corpse
Casting: Vampiric Draining (safe; 1% risk of failure)
Confirm with . or Enter, or press ? or * to list all spells.
You blink.
The death yak gores you!!
You die...
Kikubaaqudgha rasps: "You have failed me!
Welcome... oblivion!"

###....#......#.!.#.....≈≈##...##
#########...#...#.....≈≈#.....#
#......#....##≈≈#..>.†'
##.....#....#≈≈≈#.....#
#.........P.##≈≈##...##
##...##...#.##≈≈≈#####≈
##....##......#≈≈≈≈≈≈≈≈
#.....##§.#...#.≈≈≈≈≈≈≈
#.....@Y#.#...#...#.###
#######........>....###
###........#..#...#
#.#.#.....######.##
##..#.......## #.##
#..........#.###..#
#...........#.....#
##..................
#P.###..............


You could see a death yak.

Vanquished Creatures
  Fannar (Lair:2)
  Erica (D:10)
  A death yak (Lair:3)
  Urug (Lair:2)
  5 skeletal warriors (D:11)
  An orc knight (Bailey)
  2 manticores (D:11)
  3 elephants (Lair:3)
  2 torpor snails
  3 black mambas
  3 spiny frogs
  A komodo dragon (Lair:3)
  2 trolls
  A hornet (D:10)
  2 hippogriffs
  A snapping turtle (Lair:3)
  4 blink frogs (Lair:1)
  3 dream sheep (Lair:2)
  A shadow (D:11)
  26 yaks
  A spriggan (D:8)
  A wraith (D:10)
  3 fire bats (Lair:1)
  Grum (D:11)
  A hungry ghost (D:11)
  2 basilisks
  5 porcupines
  18 water moccasins
  A hornet zombie (D:8)
  An ice beast (D:8)
  2 phantoms
  A sky beast (D:7)
  12 orc warriors
  A black bear (D:11)
  4 ogres
  A centaur (D:5)
  2 big kobolds
  8 wolves
  4 crocodiles
  A gnoll sergeant (D:9)
  9 bullfrogs
  6 scorpions
  3 wights (D:11)
  4 howler monkeys
  2 crimson imps
  3 jellies
  6 hounds
  4 orc priests
  2 iguanas
  10 worker ants
  6 orc wizards
  A killer bee zombie (D:6)
  A hound skeleton (D:5)
  A worker ant zombie (D:5)
  A howler monkey skeleton (D:4)
  6 gnolls
  22 adders
  2 shadow imps (D:5)
  An ooze (D:1)
  3 adder skeletons
  3 dart slugs (D:1)
  11 leopard geckos
  60 orcs
  10 giant cockroaches
  14 goblins
  13 hobgoblins
  22 jackals
  7 quokkas
  4 bats (D:1)
  5 frilled lizards
  19 kobolds
  6 rats
  A butterfly (Lair:2)
  A fungus (Lair:3)
403 creatures vanquished.

Vanquished Creatures (collateral kills)
  An ice beast (D:7)
  A phantom (D:8)
  A wyvern skeleton (D:8)
  3 crimson imps
  A bullfrog zombie (D:9)
  A centaur zombie (D:7)
  3 worker ants
  A hound zombie (D:8)
  Robin (D:2)
  An adder (D:1)
  4 orcs
  A goblin (D:2)
  A hobgoblin (D:2)
  A jackal (D:8)
  A frilled lizard (D:2)
22 creatures vanquished.

Vanquished Creatures (others)
  An orc warrior (Bailey)
  7 fungi
  6 plants
14 creatures vanquished.

Grand Total: 439 creatures vanquished

Notes
Turn   | Place    | Note
-------+----------+-------------------------------------------
     0 | D:1      | BlueFish the Mummy Wizard began the quest for the Orb.
     0 | D:1      | Reached XP level 1. HP: 13/13 MP: 5/5
   241 | D:1      | Reached XP level 2. HP: 16/20 MP: 0/7
   336 | D:1      | Learned a level 2 spell: Blink
   339 | D:1      | Learned a level 2 spell: Call Imp
   342 | D:1      | Learned a level 2 spell: Slow
   807 | D:1      | Reached XP level 3. HP: 20/25 MP: 1/9
   812 | D:1      | Learned a level 3 spell: Mephitic Cloud
  1107 | D:1      | Reached skill level 1 in Conjurations
  1497 | D:1      | Reached skill level 5 in Spellcasting
  1884 | D:2      | Reached XP level 4. HP: 29/31 MP: 3/11
  2072 | D:2      | Reached skill level 1 in Fighting
  2555 | D:2      | Learned a level 2 spell: Swiftness
  2577 | D:2      | Noticed Robin
  2635 | D:2      | Killed Robin
  2635 | D:2      | Reached skill level 1 in Summonings
  2878 | D:2      | Reached XP level 5. HP: 33/37 MP: 8/12
  3048 | D:2      | Found a shattered altar of Ashenzari.
  3640 | D:3      | Found a runed translucent gate.
  3640 | D:3      | Found a runed translucent gate.
  3640 | D:3      | Found a runed translucent gate.
  3641 | D:3      | Noticed mathmaestro's ghost (amateur HOFi)
  4020 | D:3      | Reached skill level 6 in Spellcasting
  4165 | D:3      | Found a shimmering blue altar of Sif Muna.
  4165 | D:3      | Found a snail-covered altar of Cheibriados.
  4166 | D:3      | Found a sparkling altar of Nemelex Xobeh.
  4425 | D:3      | Reached XP level 6. HP: 24/43 MP: 15/15
  4633 | D:4      | Reached skill level 1 in Maces & Flails
  5138 | D:4      | Found a staircase to the Ecumenical Temple.
  5176 | Temple   | Entered the Ecumenical Temple
  5457 | D:4      | Reached XP level 7. HP: 19/51 MP: 9/16
  5686 | D:4      | Found a blossoming altar of Fedhas.
  6186 | D:5      | Entered Level 5 of the Dungeon
  6566 | D:5      | Found Decabio's Food Boutique.
  7118 | D:5      | Found a shimmering altar of Xom.
  7118 | D:5      | Found an ancient bone altar of Kikubaaqudgha.
  7119 | D:5      | Found an iron altar of Okawaru.
  7133 | D:5      | Reached skill level 7 in Spellcasting
  7137 | D:5      | Found an ornate altar of the Wu Jian Council.
  7141 | D:5      | Became a worshipper of Kikubaaqudgha
  7175 | D:5      | Reached XP level 8. HP: 58/58 MP: 15/18
  7581 | D:6      | Found a blossoming altar of Fedhas.
  7653 | D:6      | Found a stormy altar of Qazlal.
  7682 | D:6      | Got a blackened dagger
  7684 | D:6      | Identified the +11 dagger "Doupnona" {flame, Int+3} (You
                  | found it on level 6 of the Dungeon)
  8393 | D:7      | Reached * piety under Kikubaaqudgha
  8393 | D:7      | Identified Kikubaaqudgha's Catalogue of Evil Secrets
                  | (Kikubaaqudgha gifted it to you on level 7 of the Dungeon)
  8393 | D:7      | Received a gift from Kikubaaqudgha
  8397 | D:7      | Learned a level 1 spell: Pain
  8401 | D:7      | Learned a level 3 spell: Vampiric Draining
  8404 | D:7      | Learned a level 2 spell: Corpse Rot
  8801 | D:7      | Found Zanuc's Antique Armour Shop.
  8814 | D:7      | Reached skill level 8 in Spellcasting
  8814 | D:7      | Reached skill level 1 in Necromancy
  8902 | D:7      | Bought a heavy robe for 188 gold pieces
  8912 | D:7      | Identified the +1 robe "Fex Aduo" {MR+ rCorr} (You bought
                  | it in a shop on level 7 of the Dungeon)
 10013 | D:8      | Noticed an ice statue
 10248 | D:8      | Reached ** piety under Kikubaaqudgha
 10250 | D:8      | Reached XP level 9. HP: 45/65 MP: 10/21
 10651 | D:8      | Reached skill level 9 in Spellcasting
 11887 | D:8      | Found a hide-covered altar of Uskayaw.
 12046 | D:8      | Found a shadowy altar of Dithmenos.
 12122 | D:9      | Noticed a troll
 12263 | D:8      | Reached skill level 10 in Spellcasting
 12459 | D:9      | Found a radiant altar of Vehumet.
 12484 | D:9      | Killed a troll
 12718 | D:9      | Reached skill level 5 in Fighting
 12733 | D:9      | Reached skill level 1 in Air Magic
 12735 | D:9      | Reached skill level 1 in Evocations
 13097 | D:9      | Reached *** piety under Kikubaaqudgha
 13097 | D:9      | Identified Kikubaaqudgha's Disquisition on Evil Arts
                  | (Kikubaaqudgha gifted it to you on level 9 of the Dungeon)
 13097 | D:9      | Received a gift from Kikubaaqudgha
 13097 | D:9      | Reached XP level 10. HP: 67/74 MP: 15/24
 13454 | D:9      | Reached skill level 1 in Staves
 13907 | D:9      | Found a staircase to the Lair.
 14214 | D:10     | Entered Level 10 of the Dungeon
 14225 | D:10     | Identified a scroll of acquirement
 14226 | D:10     | Identified BlueFish's Almanac of Toxic Conjuration (You
                  | acquired it on level 10 of the Dungeon)
 14226 | D:10     | Identified the ring "Guhilaco" {rF+ Str+8 Int-5} (You
                  | acquired it on level 10 of the Dungeon)
 14233 | D:10     | Learned a level 4 spell: Dispel Undead
 14239 | D:10     | Learned a level 5 spell: Agony
 14277 | D:10     | Noticed Erica
 14348 | D:10     | Found a staircase to the Orcish Mines.
 14348 | D:10     | Found Jazus's Weapon Boutique.
 14494 | D:10     | Reached skill level 5 in Necromancy
 14542 | D:10     | Found a flagged portal.
 14555 | Bailey   | Entered a bailey
 15681 | Bailey   | Reached **** piety under Kikubaaqudgha
 15728 | Bailey   | Reached skill level 11 in Spellcasting
 15774 | Bailey   | Noticed an orc knight
 15783 | Bailey   | Reached skill level 5 in Dodging
 15932 | Bailey   | Killed an orc knight
 16395 | D:10     | Killed Erica
 16395 | D:10     | Reached skill level 5 in Stealth
 16847 | D:10     | Found a runed translucent door.
 16847 | D:10     | Noticed Lapinsky's ghost (journeyman MiHu)
 16939 | D:10     | Learned a level 5 spell: Fireball
 16975 | D:10     | Found Jassiet's Distillery.
 17107 | D:10     | Reached XP level 11. HP: 27/80 MP: 4/26
 17613 | D:11     | Noticed a skeletal warrior
 17815 | D:11     | Noticed a skeletal warrior
 17894 | D:11     | Reached skill level 12 in Spellcasting
 18559 | D:11     | Noticed a skeletal warrior
 18562 | D:11     | Noticed a skeletal warrior
 18562 | D:11     | Identified the +7 spear of the Whelk {vamp, +Fly Stlth+}
 18584 | D:11     | Killed a skeletal warrior
 18709 | D:11     | Noticed Grum
 18740 | D:11     | Killed Grum
 18929 | D:11     | Noticed a skeletal warrior
 18953 | D:11     | Killed a skeletal warrior
 18955 | D:11     | Killed a skeletal warrior
 18973 | D:11     | Killed a skeletal warrior
 18997 | D:11     | Killed a skeletal warrior
 19228 | D:11     | Noticed Snorg
 19641 | D:11     | You fall into a shaft and drop 2 floors!
 19648 | D:13     | Noticed an eight-headed hydra
 20177 | Lair:1   | Entered Level 1 of the Lair of Beasts
 20433 | Lair:1   | Reached skill level 13 in Spellcasting
 20472 | Lair:1   | Noticed a five-headed hydra
 21850 | Lair:2   | Reached XP level 12. HP: 77/91 MP: 29/29
 21858 | Lair:2   | Learned a level 6 spell: Death Channel
 22213 | Lair:2   | Noticed Fannar
 22222 | Lair:2   | Noticed Urug
 22227 | Lair:2   | Killed Fannar
 22243 | Lair:2   | Killed Urug
 23504 | Lair:2   | Found the +8 whip "Snakebite" {curare, rPois}
 24162 | Lair:1   | Reached skill level 14 in Spellcasting
 24176 | Lair:1   | Reached ***** piety under Kikubaaqudgha
 25125 | Lair:3   | Found a staircase to the Snake Pit.
 25323 | Lair:3   | Noticed a death yak
 25398 | Lair:3   | Noticed a death yak
 25402 | Lair:3   | Noticed a catoblepas
 25440 | Lair:3   | HP: 3/92 [something/blast of calcifying dust (5)]
 26224 | Lair:4   | Reached skill level 5 in Evocations
 26420 | Lair:3   | Reached skill level 1 in Translocations
 26871 | Lair:3   | Found a staircase to the Shoals.
 27400 | Lair:3   | Killed a death yak
 27411 | Lair:3   | Mangled by a death yak

Levels and vault maps discovered:
D:1:      onia_arrival_pyramid, layout_basic
D:2:      layout_loops_ring, nicolae_overflow_hidden_temple,
          guppyfry_early_orc_mine, uniq_robin
D:3:      layout_rooms, gammafunk_temple_overflow_claw,
          gammafunk_ghost_nasty_kobolds
D:4:      layout_basic, minmay_temple_entry_wispy, first_ration,
          fedhas_ov_isle_minmay
D:5:      layout_gridville, nicolae_overflow_quartered_altars, serial_shops,
          shop
D:6:      layout_gridville, grunt_temple_overflow_forces_of_nature
D:7:      layout_basic, serial_shops, nicolae_shop_stone
D:8:      lemuel_ice_statue, layout_loops_ring, marbit_many_paths, the_bakery,
          chequers_serial_rivers_micro_e,
          nicolae_dithmenos_through_a_glass_darkly
D:9:      layout_rooms, vehumet_statue, grunt_lair_entry_orc_guard_hut
D:10:     layout_cross, orc_david_3, enter_bailey_3, ebering_ghost_inner_flame,
          serial_shops, shop, uniq_erica
D:11:     layout_grid_maze, uniq_snorg, uniq_grum
D:12:     layout_roguey, led_sif_book
D:13:     layout_cave_pools
Temple:   eino_wide_crystal_templ
Lair:1:   layout_gridlike
Lair:2:   minmay_guarded_unrand_snakebite, layout_regular_city,
          lemuel_fruit_fields, uniq_fannar, uniq_urug
Lair:3:   layout_misc_corridors, minmay_shoals_entry_hut,
          minmay_snake_entry_six_corridors
Lair:4:   mu_elephants_graveyard, layout_regular_city

Skill      XL: |  1  2  3  4  5  6  7  8  9 10 11 12 |
---------------+-------------------------------------+-----
Stealth        | 2 3 4 5 6 |  6.3
Conjurations   | 1 2 |  2.5
Spellcasting   | 5 6 7 8 10 11 13 14 | 14.6
Dodging        | 2 3 4 5 6 |  6.4
Fighting       | 1 2 3 4 5 7 8 |  8.3
Summonings     | 1 2 |  2.4
Maces & Flails | 1 2 |  2.9
Necromancy     | 2 3 6 8 9 |  9.8
Air Magic      | 1 |  1.5
Evocations     | 1 2 4 5 |  5.0
Staves         | 1 2 |  2.0
Translocations | 1 |  1.0
Short Blades   | |  0.4
Unarmed Combat | |  0.1
Poison Magic   | |  0.5

Action                   |  1- 3 |  4- 6 |  7- 9 | 10-12 || total
-------------------------+-------+-------+-------+-------++-------
Melee: Unarmed           |    17 |       |       |       ||    17
       Dagger            |    19 |       |    49 |       ||    68
       Mace              |       |   230 |   107 |       ||   337
       Hand axe          |       |     8 |       |       ||     8
       Staff             |       |       |   271 |   474 ||   745
       Great mace        |       |       |    16 |       ||    16
 Cast: Magic Dart        |   106 |   121 |   140 |    12 ||   379
       Call Imp          |     2 |     9 |    49 |     5 ||    65
       Mephitic Cloud    |       |     8 |    10 |    59 ||    77
       Pain              |       |       |   103 |   299 ||   402
       Blink             |       |       |     8 |    11 ||    19
       Vampiric Draining |       |       |    20 |   200 ||   220
       Dispel Undead     |       |       |       |    21 ||    21
       Fireball          |       |       |       |     5 ||     5
  Use: Scroll            |       |       |     8 |    11 ||    19
 Stab: Sleeping          |     1 |     1 |     2 |     4 ||     8
       Confused          |       |     3 |     7 |    19 ||    29
       Distracted        |       |       |     1 |       ||     1
Armor: Robe              |     7 |    66 |   110 |    83 ||   266
Dodge: Dodged            |    45 |   141 |   332 |   439 ||   957
Block: Other             |       |    35 |    63 |    79 ||   177
       Reflection        |       |     1 |     3 |     3 ||     7

Table legend:
 A = Non-vault XP
 B = Vault XP
 C = Vault XP percentage of total XP
 D = Non-vault monster count
 E = Vault monster count
 F = Vault count percentage of total count
                 A         B        C        D         E       F
            +---------+---------+-------+---------+---------+-------
      Total |   26443 |    9275 |  26.0 |     335 |      89 |  21.0
            +---------+---------+-------+---------+---------+-------
        D:1 |      74 |       0 |   0.0 |      32 |       0 |   0.0
        D:2 |     134 |      35 |  20.7 |      26 |      15 |  36.6
        D:3 |     156 |       0 |   0.0 |      28 |       0 |   0.0
        D:4 |     526 |       0 |   0.0 |      21 |       0 |   0.0
        D:5 |     513 |       0 |   0.0 |      21 |       0 |   0.0
        D:6 |     333 |       0 |   0.0 |      16 |       0 |   0.0
        D:7 |     903 |       0 |   0.0 |      31 |       0 |   0.0
        D:8 |    1356 |     353 |  20.7 |      35 |       2 |   5.4
        D:9 |    2194 |     597 |  21.4 |      30 |       6 |  16.7
       D:10 |    1791 |    1087 |  37.8 |      14 |      10 |  41.7
       D:11 |    6689 |     363 |   5.1 |      29 |       3 |   9.4
       D:12 |     118 |       0 |   0.0 |       1 |       0 |   0.0
     Lair:1 |    3814 |       0 |   0.0 |      22 |       0 |   0.0
     Lair:2 |    3479 |    3298 |  48.7 |      14 |      11 |  44.0
     Lair:3 |    4258 |    1860 |  30.4 |      14 |      16 |  53.3
     Lair:4 |     105 |       0 |   0.0 |       1 |       0 |   0.0
     Bailey |       0 |    1682 | 100.0 |       0 |      26 | 100.0
            +---------+---------+-------+---------+---------+-------
